 Dungeon Crawl Stone Soup version 0.18-a0-1805-g8ab820f (webtiles) character file.

115 barb4r1an the Insei (level 4, -4/35 HPs)
             Began as a Draconian Transmuter on Apr 26, 2016.
             Slain by barb4r1an's ghost (5 damage)
             ... on level 3 of the Dungeon.
             The game lasted 00:06:03 (2448 turns).

barb4r1an the Insei (Draconian Transmuter)          Turns: 2448, Time: 00:06:04

Health: -4/35      AC:  5    Str: 12    XL:     4   Next: 68%
Magic:  5/8        EV: 12    Int: 14    God:
Gold:   95         SH:  0    Dex: 12    Spells: 3 memorised, 2 levels left

rFire  . . .     SeeInvis .       - Unarmed
rCold  . . .     Gourm    .     (armour unavailable)
rNeg   . . .     Faith    .     (no shield)
rPois  .         Spirit   .     (helmet restricted)
rElec  .         Dismiss  .     (no cloak)
rCorr  .         Reflect  .     (no gloves)
SustAt .         Harm     .     (no boots)
MR     .....                    (no amulet)
Stlth  +.........               (no ring)
                                (no ring)

@: appendage (expiring), not resistant to hostile enchantments, very unstealthy
A: unfitting armour, horns 2, cold-blooded, AC +5
a: End Transformation


You were on level 3 of the Dungeon.
You were very hungry.
You had grown temporary horns.
You visited 1 branch of the dungeon, and saw 3 of its levels.

You collected 95 gold pieces.

Inventory:

Scrolls
 f - 2 scrolls of teleportation {unknown}
 g - 2 scrolls of identify {unknown}
 i - a scroll of random uselessness {unknown}
 l - a scroll of remove curse {unknown}
Potions
 d - a potion of magic {unknown}
 e - a potion of mutation {unknown}
 h - a potion of resistance {unknown}
 k - 3 potions of heal wounds {unknown}
 m - 2 potions of curing {unknown}
Books
 b - a book of Changes

   Spells                             Type                      Level
   a - Beastly Appendage              Transmutation                1
   b - Sticks to Snakes               Transmutation                2
   c - Spider Form                    Transmutation/Poison         3
   d - Ice Form                       Ice/Transmutation            4
   e - Blade Hands                    Transmutation                5
Comestibles
 c - 3 bread rations
 j - a meat ration


   Skills:
 - Level 1.1 Fighting
 - Level 2.0 Dodging
 + Level 3.7 Unarmed Combat
 + Level 2.9 Spellcasting
 * Level 3.2 Transmutations
 + Level 1.1 Poison Magic


You had 2 spell levels left.
You knew the following spells:

 Your Spells              Type           Power        Failure   Level  Hunger
a - Beastly Appendage     Trmt           ##....       10%         1    #......
b - Sticks to Snakes      Trmt           ##......     12%         2    ##.....
c - Spider Form           Trmt/Pois      #.........   30%         3    ###....


Dungeon Overview and Level Annotations

Branches:
Dungeon (3/15)

Altars:
Pakellas
Ru
Zin

Annotations:
D:3 barb4r1an's ghost, amateur DrTm


Innate Abilities, Weirdness & Mutations

Your plain brown scales are hard (AC +5).
Your body does not fit into most forms of armour.
You are cold-blooded and may be slowed by cold attacks.
You have a pair of horns on your head.


Message History

Barb4r1an's ghost is severely damaged.
Your ball python barely misses barb4r1an's ghost.
Barb4r1an's ghost barely misses you.
You hit barb4r1an's ghost. Your headbutt misses barb4r1an's ghost.
Your tail-slap misses barb4r1an's ghost.
Barb4r1an's ghost is almost destroyed.
Your transformation is almost over.
Your ball python closely misses barb4r1an's ghost.
Barb4r1an's ghost hits you.
* * * LOW HITPOINT WARNING * * *
You completely miss barb4r1an's ghost.
Barb4r1an's ghost is almost destroyed.
Your ball python barely misses barb4r1an's ghost.
Barb4r1an's ghost hits you.
* * * LOW HITPOINT WARNING * * *
You barely miss barb4r1an's ghost.
Barb4r1an's ghost is almost destroyed.
Your ball python bites barb4r1an's ghost but does no damage.
Barb4r1an's ghost hits you.
You die...

#......#..#..#.._#
#.....#..#..#..###
#.....##...#...#
#......#########
#........#
#########........####
#...W................
#.#######.....S..#####
#.#....#<....@W......#
#.#.##.#############.#
#.#.......)...# #.#
#.#..#.######.# #W###
#.#..#.# #.# #...#
#.#..#W# #.# #.###
#.####.# #.# #.#
#......# #.# #.#
######## #.# #.#


You could see barb4r1an's ghost and a friendly ball python.

Vanquished Creatures
  Jessica (D:2)
  A worker ant zombie (D:2)
  2 adders (D:2)
  An adder zombie (D:2)
  2 dart slugs (D:1)
  A giant gecko (D:2)
  5 bats
  3 bat skeletons (D:2)
  A bat zombie (D:2)
  A giant cockroach (D:3)
  9 goblins
  6 hobgoblins
  5 kobolds
  A ball python (D:1)
  A giant cockroach zombie (D:2)
  A giant gecko zombie (D:2)
  A giant newt (D:1)
  A jackal skeleton (D:2)
  4 rats
47 creatures vanquished.

Vanquished Creatures (collateral kills)
  A worm (D:3)
1 creature vanquished.

Grand Total: 48 creatures vanquished

Notes
Turn   | Place    | Note
--------------------------------------------------------------
     0 | D:1      | barb4r1an the Draconian Transmuter began the quest for the Orb.
     0 | D:1      | Reached XP level 1. HP: 16/16 MP: 3/3
    93 | D:1      | Reached XP level 2. HP: 18/23 MP: 3/5
    97 | D:1      | Learned a level 2 spell: Sticks to Snakes
   751 | D:1      | Reached XP level 3. HP: 28/28 MP: 4/6
   821 | D:1      | Learned a level 3 spell: Spider Form
   880 | D:2      | Found a sacrificial altar of Ru.
  1357 | D:2      | Reached XP level 4. HP: 29/35 MP: 4/8
  1573 | D:2      | Noticed Jessica
  1577 | D:2      | Killed Jessica
  1577 | D:2      | Reached skill level 1 in Poison Magic
  1649 | D:2      | Found a glowing silver altar of Zin.
  1650 | D:2      | Noticed an angel
  1960 | D:3      | Found an oddly glowing altar of Pakellas.
  2248 | D:3      | Noticed barb4r1an's ghost (amateur DrTm)
  2447 | D:3      | HP: 1/35 [barb4r1an's ghost (4)]
  2448 | D:3      | Slain by barb4r1an's ghost

Vault maps used:
D:1:      dpeg_arrival_shrine, roderic_cross_of_infinity
D:2:      zin_angel, lemuel_crystal_altar, serial_undead, serial_undead_e,
          serial_undead_d, serial_undead_a, serial_undead_d, uniq_jessica
D:3:      marbit_many_paths, tgw_xom, grunt_ministairs_15

Skill      XL: |  1  2  3  4 |
---------------+-------------+-----
Dodging        | 2 |  2.0
Transmutations | 3 |  3.2
Poison Magic   | 1 |  1.1
Fighting       | |  1.1
Unarmed Combat | |  3.7
Spellcasting   | |  2.9

Action                   |  1- 3 |  4- 6 || total
-------------------------+-------+-------++-------
Melee: Unarmed           |   122 |    96 ||   218
       Tailslap          |    10 |     3 ||    13
       Kick              |     5 |     2 ||     7
       Headbutt          |     3 |     3 ||     6
       Punch             |     1 |       ||     1
 Cast: Beastly Appendage |    10 |     2 ||    12
       Spider Form       |     2 |     1 ||     3
       Sticks to Snakes  |       |    12 ||    12
  Eat: Chunk             |       |     5 ||     5
Armor: Skin              |    37 |    21 ||    58
Dodge: Dodged            |    80 |    50 ||   130
